 Dungeon Crawl Stone Soup version 0.31-a0-1074-g0b22e4e0f1 (webtiles) character file.

Game seed: 11117790050517137253

32 Rennog the Ruffian (level 3, -2/26 HPs)
             Began as a Demonspawn Shapeshifter on Dec 6, 2023.
             Slain by an orc
             ... wielding a +0 flail
              (7 damage)
             ... on level 3 of the Dungeon.
             The game lasted 00:01:39 (1097 turns).

Rennog the Ruffian (Demonspawn Shapeshifter)        Turns: 1097, Time: 00:01:40

Health: -2/26      AC:  2    Str: 16    XL:     3   Next: 8%
Magic:  3/3        EV: 14    Int: 11    God:
Gold:   34         SH:  0    Dex: 12    Spells: 2/2 levels left

rFire   . .          .
                       - Unarmed
rCold   . . .        (no shield)
rNeg    . . .        a - +0 animal skin
rPois   .            (helmet currently unavailable)
rElec   .            (cloak currently unavailable)
rCorr   .            (gloves currently unavailable)
SInv    .            (boots currently unavailable)
Will    .....        (no amulet)
Stlth   +            (no ring)
HPRegen 0.24/turn    (no ring)
MPRegen 0.08/turn

%: no passive effects
@: beast-form
A: beast (slay +1), repulsion field 1, demonic guardian 1
a: Begin Untransformation


You were on level 3 of the Dungeon.
You were a hulking beast.
You visited 1 branch of the dungeon, and saw 3 of its levels.

You collected 34 gold pieces.

Inventory:

Armour
 a - a +0 animal skin (worn)
Talismans
 c - a beast talisman (active)
 d - a flux talisman
Scrolls
 f - a scroll of blinking {unknown}
 g - a scroll of vulnerability {unknown}
 j - a scroll of identify {unknown}
Potions
 b - a potion of lignification
 e - a potion of berserk rage {unknown}
 h - a potion of haste {unknown}
 i - 2 potions of degeneration {unknown}
 k - a potion of ambrosia {unknown}
 l - a potion of might {unknown}


   Skills:
 + Level 1.0 Fighting
 - Level 1.7 Dodging
 + Level 0.2 Stealth
 * Level 3.3 Unarmed Combat
 * Level 3.1 Shapeshifting


You had 2 spell levels left.
You didn't know any spells.
Your spell library was empty.

Dungeon Overview and Level Annotations

Branches:
Dungeon (3/15)

Altars:

Annotations:
D:2 Natasha, Sigmund


Innate Abilities, Weirdness & Mutations

You are a hulking beast.
Your limbs bulge with bestial killing power. (Slay +1)
You are surrounded by a mild repulsion field. (EV +2)
A weak demonic guardian rushes to your aid.


Message History

There is an open door here.
You open the door.
There is an open door here.
l - a blue potion You open the door.
There is an open door here.
An endoplasm comes into view.
An orc comes into view. It is wielding a +0 flail.
The endoplasm quivers.
The endoplasm freezes you.
You are frozen.
You barely miss the endoplasm.
The orc shouts!
You hear a shout!
An orc comes into view. It is wielding a +0 dagger.
The endoplasm hits you but does no damage.
You hit the endoplasm.
You kill the endoplasm!
An orc comes into view. It is wielding a +0 club.
The orc shouts!
The orc misses you.
You completely miss the orc. The orc barely misses you.
You barely miss the orc. The orc hits you with a +0 flail!
You barely miss the orc. You hit the orc but do no damage.
The orc hits you with a +0 flail. The orc closely misses you.
You are too injured to fight recklessly!
You are too injured to fight recklessly!
You are too injured to fight recklessly!
You are too injured to fight recklessly!
You are too injured to fight recklessly!
The orc hits you with a +0 flail!
* * * LOW HITPOINT WARNING * * *
A demonic guardian appears!
The orc hits your iron imp but does no damage.
The orc hits your iron imp but does no damage.
You hit the orc but do no damage.
Your iron imp hits the orc.
The orc misses you.
You completely miss the orc.
Your iron imp hits the orc.
The orc hits you with a +0 flail!
You die...

#######.#####.#
#.#####.# #.......#
### #.####### # ..#
#.# #.# #.# #.#
##... #.# #.#
#.....#.###.###.##
#....oo5oh.........
#.....#.##...#.....
##... #.#.......##.
#.. #.##...#.... #.
..###.##.#### # ###
#.# # #.# +#


You could see 3 orcs and a friendly iron imp (summoned).

Vanquished Creatures
  2 dart slugs
  3 bats
  5 endoplasms
  3 goblins
  2 hobgoblins (D:1)
  A jackal (D:1)
  2 kobolds
  A quokka (D:1)
  A ball python (D:2)
  A frilled lizard (D:1)
  3 rats
24 creatures vanquished.

Notes
Turn   | Place    | Note
-------+----------+-------------------------------------------
     0 | D:1      | Rennog the Demonspawn Shapeshifter began the quest for the
                  | Orb.
     0 | D:1      | Reached XP level 1. HP: 15/15 MP: 1/1
   135 | D:1      | Gained mutation: You are surrounded by a mild repulsion
                  | field. (EV +2) [demonic ancestry]
   135 | D:1      | Reached XP level 2. HP: 21/21 MP: 2/2
   681 | D:2      | Noticed Sigmund
   681 | D:2      | Noticed Natasha
   925 | D:3      | Gained mutation: A weak demonic guardian rushes to your
                  | aid. [demonic ancestry]
   925 | D:3      | Reached XP level 3. HP: 22/26 MP: 3/3
  1097 | D:3      | Slain by an orc

Illustrated notes

Levels and vault maps discovered:
D:1:      lemuel_arrival_rhombus, layout_loops_ring, minmay_pentomino_o4
D:2:      layout_rooms, uniq_sigmund, uniq_natasha
D:3:      layout_loops_corners, nicolae_hexahallways

Skill      XL: |  1  2 |
---------------+-------+-----
Shapeshifting  | 3 |  3.1
Unarmed Combat | 3 |  3.3
Fighting       | |  1.0
Dodging        | |  1.7
Stealth        | |  0.2

Action                     || total
---------------------------++-------
  Melee: Unarmed           ||    67
         Punch             ||     1
   Stab: Sleeping          ||     4
 Armour: Animal skin       ||    27
  Dodge: Dodged            ||    34
   Form: Beast             ||     1

Table legend: (Time is in decaauts)
 A = Elapsed time spent in this place.
 B = Non-inter-level travel time spent in this place.
 C = Inter-level travel time spent in this place.
 D = Time resting spent in this place.
 E = Time spent auto-exploring this place.
 F = Levels seen in this place.
 G = Mean time per level.
                   A        B        C        D        E       F      G
               +--------+--------+--------+--------+--------+-----+--------+
         Total |   1094 |   1032 |     62 |      0 |    842 |   3 |  364.7 |
       Dungeon |   1094 |   1032 |     62 |      0 |    842 |   3 |  364.7 |
               +--------+--------+--------+--------+--------+-----+--------+

Top non-repeatable levels by time:
     D:1: 739 daAuts
     D:3: 310 daAuts
     D:2: 44 daAuts
